 Dungeon Crawl Stone Soup version 0.30-a0-918-g0ff054e9dc (webtiles) character file.

Game seed: 11689864293863450982

2625 oldriver the Thaumaturge (level 9, -1/62 HPs)
             Began as a Pale Draconian Ice Elementalist on Mar 20, 2023.
             Killed from afar by an electric eel (6 damage)
             ... with a bolt of electricity
             ... on level 7 of the Dungeon.
             The game lasted 00:10:21 (7129 turns).

oldriver the Thaumaturge (DrIE)                     Turns: 7129, Time: 00:10:22

Health: -1/62      AC:  7    Str:  7    XL:     9   Next: 34%
Magic:  22/22      EV: 17    Int: 20    God:
Gold:   299        SH:  5    Dex: 12    Spells: 20/27 levels left

rFire   . . .      SeeInvis .    p - +4 trident of Gogyf {flame, rPois rN+ Str-3}
rCold   + . .      Faith    .    (no shield)
rNeg    + . .      Spirit   .    (body armour unavailable)
rPois   +          Reflect  +    (helmet restricted)
rElec   .          Rampage  .    l - scarf {repulsion}
rCorr   .                        (no gloves)
Will    .....                    (no boots)
Stlth   +                        o - amulet of Cowardice {Reflect +Blink rF+ SH+5}
HPRegen 0.30/turn                c - +5 ring of evasion
MPRegen 0.18/turn                s - ring of ice

@: repel missiles, very slow
A: breathe steam, AC +7, unfitting armour, cold-blooded, steam resistance
a: Breathe Steam, Evoke Blink


You were on level 7 of the Dungeon.
You visited 2 branches of the dungeon, and saw 8 of its levels.

You collected 299 gold pieces.

Inventory:

Hand Weapons
 p - the +4 trident of Gogyf (weapon) {flame, rPois rN+ Str-3}
   (You found it on level 4 of the Dungeon)

   Str:       It affects your strength (-3).
   rPois:     It protects you from poison.
   rN:        It protects you from negative energy.
Missiles
 t - a throwing net
Armour
 l - a scarf of repulsion (worn)
Jewellery
 c - a +5 ring of evasion (left hand)
 j - a ring of protection from cold
 k - a ring of see invisible
 o - the amulet of Cowardice (around neck) {Reflect +Blink rF+ SH+5}
   (You acquired it on level 5 of the Dungeon)

   [amulet of reflection]

   It reflects blocked missile attacks.
   rF:        It protects you from fire.
   +Blink:    It lets you blink.
   SH:        It affects your SH (+5).
 s - a ring of ice (right hand)
Scrolls
 e - a scroll of blinking
 g - 5 scrolls of teleportation
 i - 4 scrolls of immolation
 m - 3 scrolls of amnesia
Potions
 a - 2 potions of flight
 b - 2 potions of ambrosia
 d - 2 potions of might
 f - 2 potions of lignification
 h - 5 potions of curing
 n - 2 potions of mutation
 q - a potion of haste {unknown}
 r - a potion of heal wounds


   Skills:
 - Level 1.7 Dodging
 - Level 1.7 Stealth
 * Level 9.8 Spellcasting
 + Level 8.4 Ice Magic


You had 20 spell levels left.
You knew the following spells:

 Your Spells              Type           Power      Damage    Failure   Level
a - Freeze                Ice            100%       1d10      1%          1
b - Frozen Ramparts       Ice            100%       1d16      1%          3
c - Ozocubu's Armour      Ice            60%        N/A       1%          3

Your spell library contained the following spells:

 Spells                   Type           Power      Damage    Failure   Level
 Call Imp                 Summ           9%         N/A       11%         2
 Summon Ice Beast         Ice/Summ       40%        N/A       12%         4
 Inner Flame              Hex/Fire       9%         N/A       22%         3
 Tukima's Dance           Hex            9%         N/A       22%         3
 Cause Fear               Hex            4%         N/A       56%         4
 Passage of Golubria      Tloc           9%         N/A       56%         4
 Yara's Violent Unravell  Hex/Tmut       4%         3d4       89%         5
 Dragon Form              Tmut           4%         N/A       100%        7
 Discord                  Hex            4%         N/A       100%        8
 Dragon's Call            Summ           4%         N/A       100%        9


Dungeon Overview and Level Annotations

Branches:
Dungeon (7/15)             Temple (1/1) D:4

Altars:
Ashenzari
Cheibriados
Elyvilon
Fedhas
Gozag
Kikubaaqudgha
Makhleb
Nemelex Xobeh
Ru
Sif Muna
Trog
Uskayaw
Wu Jian
Xom
Yredelemnul
Zin
The Shining One

Annotations:
D:5 1 runed translucent door


Innate Abilities, Weirdness & Mutations

You can breathe blasts of scalding, opaque steam.
Your pale cyan-grey scales are hard. (AC +7)
You cannot fit into any form of body armour.
You are cold-blooded and may be slowed by cold attacks.
You are immune to the effects of steam.


Message History

The electric eel shoots out a bolt of lightning at you!
The bolt of electricity is repelled.
Your unstable footing causes you to fumble your attack.
The electric eel shoots out a bolt of lightning at you!
The bolt of electricity misses you.
You miss the electric eel.
Your tail-slap misses the electric eel.
The electric eel shoots out a bolt of lightning at you!
The bolt of electricity hits you!
Casting: Frozen Ramparts (safe; 1% risk of failure)
Confirm with . or Enter, or press ? or * to list all spells.
Casting: Frozen Ramparts (safe; 1% risk of failure)
Press: ? - help, Dir - look around, f - activate Some shallow water.
Okay, then.
You hit the electric eel but do no damage.
You hit the electric eel. You burn the electric eel.
The electric eel is moderately wounded.
The electric eel shoots out a bolt of lightning at you!
The bolt of electricity hits you!
You barely miss the electric eel.
Your tail-slap misses the electric eel.
The electric eel is moderately wounded.
The electric eel shoots out a bolt of lightning at you!
The bolt of electricity misses you.
The electric eel shoots out a bolt of lightning at you!
The bolt of electricity misses you.
You hit the electric eel. You burn the electric eel.
The electric eel is almost dead.
Your unstable footing causes you to fumble your attack.
The electric eel shoots out a bolt of lightning at you!
The bolt of electricity hits you!
* * * LOW HITPOINT WARNING * * *
Unknown command.
You closely miss the electric eel.
The electric eel is almost dead.
The electric eel shoots out a bolt of lightning at you!
The bolt of electricity hits you!
* * * LOW HITPOINT WARNING * * *
The electric eel shoots out a bolt of lightning at you!
The bolt of electricity hits you.
You die...

#..... #.#### ## #.#
###~♣♣# #.# ..P♣~~♣##
#.# . ♣♣~~~~P##
####.####
...♣~~P~P~~#####........
..~~~~~~~P♣.............
~~~♣P~@♣~♣~..##........
.~~~~~PS~~~♣~.#####'####
♣♣~~~P~P~P~♣~.....#.....
♣♣~~~P~~~~~~.....#.....
♣~P≈≈≈≈~~P~♣.....'.....
♣~~≈≈≈≈≈~~~♣~....#÷....
P~~~≈≈≈≈≈~~~♣♣....#.....
~♣P≈≈≈≈≈≈≈S~~♣....#.....
≈≈≈≈P~~~....#.....


You could see 2 electric eels.

Vanquished Creatures
  Sigmund (D:6)
  A wyvern (D:7)
  A steam dragon (D:6)
  Duvessa (D:5)
  2 orc warriors
  A sky beast (D:6)
  2 ice beasts (D:6)
  2 ogres
  2 phantoms (D:5)
  A bullfrog (D:5)
  3 scorpions
  Dowan (D:5)
  2 howler monkeys (D:6)
  A gnoll bouda (D:5)
  An orc priest (D:5)
  5 jellies
  7 hounds
  2 sleepcaps (D:5)
  Terence (D:3)
  An iguana (D:6)
  3 orc wizards
  Robin (D:3)
  12 gnolls
  5 adders
  2 shadow imps (D:6)
  2 white imps (D:5)
  An ufetubus (D:5)
  3 worms
  3 dart slugs
  12 orcs
  8 ball pythons
  5 bats
  4 endoplasms
  8 giant cockroaches
  15 goblins
  14 hobgoblins
  3 kobolds
  4 quokkas
  6 frilled lizards
  3 rats
152 creatures vanquished.

Vanquished Creatures (others)
  2 plants (D:4)
2 creatures vanquished.

Grand Total: 154 creatures vanquished

Notes
Turn   | Place    | Note
-------+----------+-------------------------------------------
     0 | D:1      | oldriver the Draconian Ice Elementalist began the quest for
                  | the Orb.
     0 | D:1      | Reached XP level 1. HP: 14/14 MP: 3/3
   140 | D:1      | Reached XP level 2. HP: 20/20 MP: 1/5
   871 | D:1      | Found a faded altar of an unknown god.
  1178 | D:2      | Reached XP level 3. HP: 26/26 MP: 7/7
  1181 | D:2      | Reached skill level 3 in Spellcasting
  1424 | D:2      | Reached XP level 4. HP: 33/33 MP: 7/9
  2369 | D:3      | Noticed Robin
  2394 | D:3      | Killed Robin
  2395 | D:3      | Reached skill level 4 in Spellcasting
  2496 | D:3      | Learned a level 3 spell: Frozen Ramparts
  2500 | D:3      | Learned a level 3 spell: Ozocubu's Armour
  2506 | D:3      | Reached XP level 5. HP: 38/38 MP: 11/11
  2532 | D:3      | Noticed Terence
  2545 | D:3      | Killed Terence
  2546 | D:3      | Reached skill level 5 in Ice Magic
  3029 | D:4      | Identified the +4 trident of Gogyf {flame, rPois rN+ Str-3}
  3338 | D:4      | Reached XP level 6. HP: 40/45 MP: 9/13
  3342 | D:4      | Reached skill level 5 in Spellcasting
  3567 | D:4      | Found a staircase to the Ecumenical Temple.
  3722 | Temple   | Entered the Ecumenical Temple
  4436 | D:5      | Entered Level 5 of the Dungeon
  4437 | D:5      | Noticed Duvessa
  4437 | D:5      | Noticed Dowan
  4457 | D:5      | Killed Dowan
  4458 | D:5      | Killed Duvessa
  4459 | D:5      | Reached skill level 6 in Spellcasting
  4459 | D:5      | Your scales start taking on a pale cyan-grey colour.
  4459 | D:5      | Reached XP level 7. HP: 29/50 MP: 4/16
  4459 | D:5      | Gained mutation: You are immune to the effects of steam.
                  | [Pale Draconian growth]
  4554 | D:5      | Found a shimmering blue altar of Sif Muna.
  4570 | D:5      | Got Sif Muna's Lectures on the Legion
  4847 | D:5      | Reached skill level 7 in Spellcasting
  4940 | D:5      | Reached XP level 8. HP: 57/57 MP: 15/18
  5234 | D:5      | Identified a scroll of acquirement
  5234 | D:5      | Acquired the amulet of Cowardice {Reflect +Blink rF+ SH+5}
  5385 | D:5      | Found a bloodstained altar of Trog.
  5487 | D:5      | Found a runed translucent door.
  5572 | D:5      | Reached skill level 8 in Spellcasting
  6031 | D:6      | Reached skill level 9 in Spellcasting
  6102 | D:6      | Reached XP level 9. HP: 46/62 MP: 19/22
  6452 | D:6      | Noticed Sigmund
  6463 | D:6      | Killed Sigmund
  7129 | D:7      | Killed from afar by an electric eel

Illustrated notes

Levels and vault maps discovered:
D:1:      dpeg_arrival_boxorama, layout_basic, chequers_ecumenical_altar_twisty
D:2:      layout_basic
D:3:      layout_loops_cross, uniq_robin, uniq_terence
D:4:      layout_layer_cave, minmay_temple_entry_overgrown
D:5:      layout_gridville, nzn_overflow_gifts_of_might_and_magic,
          lightli_church_of_beogh, uniq_duvessa
D:6:      layout_rooms, cheibrodos_sewer_entry_bend, uniq_sigmund
D:7:      layout_basic, amethyst_overflow_temple_binary, serial_bayou_lake_a
Temple:   nicolae_temple_bog_church

Skill      XL: |  1  2  3  4  5  6  7  8  9 |
---------------+----------------------------+-----
Spellcasting   | 3 4 6 7 9 |  9.8
Ice Magic      | 5 6 7 8 |  8.4
Dodging        | |  1.7
Stealth        | |  1.7

Action                     |  1- 3 |  4- 6 |  7- 9 || total
---------------------------+-------+-------+-------++-------
  Melee: Unarmed           |    11 |       |       ||    11
         Spear             |    21 |    60 |       ||    81
         Tailslap          |     2 |    12 |    18 ||    32
         Dagger            |     2 |       |       ||     2
         Trident           |       |    42 |   143 ||   185
         Punch             |       |       |     2 ||     2
   Cast: Freeze            |    31 |    50 |    10 ||    91
         Frozen Ramparts   |       |     9 |    23 ||    32
         Ozocubu's Armour  |       |     1 |     3 ||     4
    Use: Scroll            |       |    10 |     7 ||    17
         Potion            |       |     1 |       ||     1
   Stab: Sleeping          |     4 |     4 |       ||     8
         Distracted        |       |     1 |       ||     1
 Armour: Skin              |    13 |    19 |    28 ||    60
  Dodge: Dodged            |    39 |    94 |   114 ||   247
         Repelled          |       |     1 |     4 ||     5
  Block: Other             |       |       |    17 ||    17

Table legend: (Time is in decaauts)
 A = Elapsed time spent in this place.
 B = Non-inter-level travel time spent in this place.
 C = Inter-level travel time spent in this place.
 D = Time resting spent in this place.
 E = Time spent auto-exploring this place.
 F = Levels seen in this place.
 G = Mean time per level.
                   A        B        C        D        E       F      G
               +--------+--------+--------+--------+--------+-----+--------+
         Total |   7208 |   6859 |    349 |    609 |   5041 |   8 |  901.0 |
       Dungeon |   7010 |   6669 |    341 |    609 |   4903 |   7 | 1001.4 |
        Temple |    197 |    190 |      7 |      0 |    138 |   1 |  197.0 |
               +--------+--------+--------+--------+--------+-----+--------+

Top non-repeatable levels by time:
     D:5: 1316 daAuts
     D:4: 1284 daAuts
     D:1: 1140 daAuts
     D:2: 1019 daAuts
     D:3: 917 daAuts
     D:6: 913 daAuts
     D:7: 418 daAuts
  Temple: 197 daAuts
